 Dungeon Crawl Stone Soup version 0.26.0-45-g9c1d065592 (webtiles) character file.

Game seed: 14682056767924806906

303 kreisler the Covert (level 6, 0/41 HPs)
             Began as an Octopode Brigand on Jan 30, 2021.
             Killed from afar by an orc wizard (6 damage)
             ... with a puff of flame
             ... on level 3 of the Dungeon.
             The game lasted 00:08:55 (3064 turns).

kreisler the Covert (Octopode Brigand)              Turns: 3064, Time: 00:08:55

Health: 0/41       AC:  1    Str: 11    XL:     6   Next: 38%
Magic:  6/6        EV: 13    Int: 13    God:
Gold:   166        SH:  0    Dex: 15    Spells: 5/5 levels left

rFire    . . .     SeeInvis .   a - +2 dagger
rCold    . . .     Faith    .   (no shield)
rNeg     . . .     Spirit   .   (helmet restricted)
rPois    .         Reflect  .   k - amulet of the acrobat
rElec    .         Harm     .   (no ring)
rCorr    .         Rampage  .   (no ring)
Will     .....                  (no ring)
Stlth    +++++.....             (no ring)
HPRegen  0.13/turn              (no ring)
MPRegen  0.10/turn              (no ring)
                                (no ring)
                                (no ring)

@: no status effects
A: almost no armour, stealthy swim, amphibious, 8 rings, constrict 8, camouflage
1, gelatinous body 1
a: no special abilities


You were on level 3 of the Dungeon.
You visited 1 branch of the dungeon, and saw 3 of its levels.

You collected 166 gold pieces.

Inventory:

Hand Weapons
 a - a +2 dagger (weapon)
Missiles
 b - 8 poisoned darts (quivered)
 c - 2 curare-tipped darts
Jewellery
 k - an amulet of the acrobat (around mantle)
Scrolls
 e - a scroll of identify
Potions
 f - 2 potions of curing {unknown}
 g - 2 potions of ambrosia


   Skills:
 + Level 2.9 Fighting
 + Level 3.8 Short Blades
 + Level 2.2 Throwing
 + Level 1.9 Dodging
 + Level 8.2 Stealth


You had 5 spell levels left.
You didn't know any spells.
Your spell library was empty.

Dungeon Overview and Level Annotations

Branches:
Dungeon (3/15)

Altars:
Dithmenos
Gozag
Makhleb
Nemelex Xobeh
Qazlal


Innate Abilities, Weirdness & Mutations

You cannot wear most types of armour.
You are very stealthy in the water. (Stealth+)
You are amphibious.
You can wear up to eight rings at the same time.
You can use your tentacles to constrict eight enemies at once.
Your skin changes colour to match your surroundings (Stealth+).
Your rubbery body absorbs attacks. (AC +1, EV +1)


Message History

The orc hits you. The orc wizard closely misses you.
You hit the orc but do no damage. You grab the orc.
The orc is almost dead.
You constrict the orc.
You kill the orc!
The orc priest mumbles some strange prayers to Beogh against you.
Beogh smites you!
* * * LOW HITPOINT WARNING * * *
You hear some strange, mumbled words.
A magic dart appears from out of thin air!
The magic dart hits you!
* * * LOW HITPOINT WARNING * * *
The orc wizard closely misses you.
As you read the scroll labelled XALOFAA VUAWO, it crumbles to dust.
It is a scroll of enchant armour.
You aren't carrying any armour which can be enchanted further.
The bat barely misses you.
The orc wizard gestures at you while chanting.
The puff of flame hits you.
You die...

#.# #.#### #.# #.#.. #.# #.#.#
#.# ### ##.#.## #.# ##.###.....#
.# ## #.###.#.>..o...# #.# . .#
#.##.###.#{bo..# #.#.# .# #.#.##
##.#@### #.#.# .# #..##
##.#..##### ##.#.#
.#####.#.###.###.....####....####
..........#.## ##.##.............
.......)...#.###........)))#.
.........†....#.#########..#
##############..# #..# # #####
#..# #..# # ##...##
#..#########..#


You could see an orc priest, an orc wizard (fast) and a bat.

Vanquished Creatures
  A bullfrog (D:3)
  A crimson imp (D:2)
  An orc priest (D:3)
  An orc wizard (D:3)
  2 worker ant zombies (D:3)
  A howler monkey skeleton (D:3)
  An adder (D:3)
  3 adder skeletons (D:3)
  3 worms (D:3)
  A dart slug (D:1)
  3 leopard geckos
  5 orcs (D:3)
  A ball python (D:3)
  5 giant cockroaches
  4 goblins
  2 hobgoblins
  13 jackals
  2 ball python zombies (D:3)
  10 bats
  6 frilled lizards
  A jackal zombie (D:3)
  10 kobolds
  A leopard gecko skeleton (D:3)
  A leopard gecko zombie (D:3)
  8 rats
87 creatures vanquished.

Vanquished Creatures (others)
  A withered plant (D:3)
1 creature vanquished.

Grand Total: 88 creatures vanquished

Notes
Turn   | Place    | Note
-------+----------+-------------------------------------------
     0 | D:1      | kreisler the Octopode Brigand began the quest for the Orb.
     0 | D:1      | Reached XP level 1. HP: 14/14 MP: 1/1
    75 | D:1      | Reached XP level 2. HP: 13/19 MP: 2/2
   402 | D:1      | Reached skill level 6 in Stealth
   584 | D:1      | Reached XP level 3. HP: 24/24 MP: 3/3
  1114 | D:2      | Found a faded altar of an unknown god.
  1515 | D:2      | Found an opulent altar of Gozag.
  1516 | D:2      | Found a sparkling altar of Nemelex Xobeh.
  1571 | D:2      | Found a stormy altar of Qazlal.
  1694 | D:2      | Found a burning altar of Makhleb.
  1699 | D:2      | Reached skill level 7 in Stealth
  1699 | D:2      | Reached XP level 4. HP: 30/30 MP: 4/4
  2153 | D:3      | Found a shadowy altar of Dithmenos.
  2155 | D:3      | Noticed a bullfrog
  2182 | D:3      | Killed a bullfrog
  2183 | D:3      | Reached XP level 5. HP: 8/35 MP: 5/5
  2751 | D:3      | Reached XP level 6. HP: 41/41 MP: 6/6
  3035 | D:3      | Reached skill level 8 in Stealth
  3064 | D:3      | Killed from afar by an orc wizard

Illustrated notes

Levels and vault maps discovered:
D:1:      eino_arrival_cavern_e, layout_basic, serial_rivers,
          chequers_serial_rivers_room_b, chequers_serial_rivers_marsh,
          chequers_serial_rivers_room_b, chequers_serial_rivers_small_b,
          chequers_serial_rivers_micro_e, minmay_3d_cube
D:2:      layout_loops_corners, grunt_temple_overflow_opulence,
          makhleb_grotto_becter, chequers_ecumenical_altar_twisty,
          nicolae_qazlal_general_emergency
D:3:      layout_loops_ring, serial_undead, serial_undead_c, serial_undead_b,
          serial_undead_d, serial_undead_f, serial_undead_a, serial_undead_a,
          nicolae_dithmenos_shadow_blocks

Skill      XL: |  1  2  3  4  5  6 |
---------------+-------------------+-----
Stealth        | 6 7 8 |  8.2
Short Blades   | 3 |  3.8
Fighting       | |  2.9
Throwing       | |  2.2
Dodging        | |  1.9

Action                   |  1- 3 |  4- 6 || total
-------------------------+-------+-------++-------
Melee: Dagger            |    63 |    96 ||   159
       Constrict         |    17 |    23 ||    40
       Tentacles         |     9 |    22 ||    31
Throw: Dart              |       |    13 ||    13
  Use: Scroll            |     3 |     5 ||     8
       Potion            |       |     2 ||     2
 Stab: Sleeping          |    21 |    14 ||    35
       Distracted        |       |     2 ||     2
Armor: Skin              |     3 |     2 ||     5
Dodge: Dodged            |    27 |    57 ||    84
